Map: Abyssal Reef LE

Players

Juxtapose - Winner!

  • Race: Terran Terran
  • League: Gold
  • Spawn Location: 5:00

OGTXIIIxBoSs

  • Race: Terran Terran
  • League: Diamond
  • Spawn Location: 11:00

VOD

https://youtu.be/vH2qJ2Zlycg

Description

My opponent has a Diamond League border, which of course is most intimidating. Post-match I checked and he's actually a Platinum 3 Terran, but still, with his Diamond knowledge, he has an excellent understanding of the game.

Time

  • Played on: Dec. 23, 2017, 1:56 p.m.
  • Length: 6:04
Show
View Real Time Build Order
Export as new Build Order

Juxtapose Terran - Winner!

Build Orders:  

Get SALT Encoding   

  12  0:01  SCV  
  13  0:13  SCV  
  14  0:22  Supply Depot  
  14  0:25  SCV  
  15  0:44  SCV  
  15  0:48  Barracks  
  16  0:52  Supply Depot  
  16  0:56  SCV  
  17  1:00  Refinery  
  17  1:08  SCV  
  18  1:20  SCV  
  19  1:35  Orbital Command  
  19  1:45  Barracks Reactor  
  19  1:55  Refinery  
  19  2:03  SCV  
  20  2:15  SCV  
  21  2:25  Factory  
  21  2:26  Marine x2  
  21  2:27  SCV  
  24  2:46  SCV  
  23  2:56  Marine x2  
  23  2:58  SCV  
  26  3:05  Supply Depot  
  26  3:10  SCV  
  27  3:14  Factory Reactor, Marine x2  
  29  3:22  SCV  
  30  3:32  Marine x2  
  31  3:34  Supply Depot  
  31  3:40  SCV  
  29  3:50  Marine x2  
  29  3:51  Cyclone x2  
  29  3:55  SCV  
  38  3:58  Engineering Bay  
  38  4:07  SCV  
  38  4:08  Marine x2  
  41  4:11  Supply Depot  
  41  4:19  SCV  
  41  4:23  Cyclone  
  45  4:25  Marine x2  
  47  4:32  Cyclone  
  47  4:34  Supply Depot  
  47  4:37  Missile Turret  
  50  4:43  Marine x2  
  52  5:02  Marine x2  
  52  5:04  Cyclone x2  
  60  5:25  Command Center  
  60  5:30  Marine x2  
Show
View Real Time Build Order
Export as new Build Order

OGTXIIIxBoSs Terran 

Build Orders:  

Get SALT Encoding   

  12  0:00  SCV  
  13  0:13  SCV  
  14  0:17  Supply Depot  
  14  0:25  SCV  
  15  0:30  Refinery  
  15  0:39  SCV  
  16  0:45  Barracks  
  16  0:53  SCV  
  17  1:05  SCV  
  18  1:17  SCV  
  19  1:29  SCV  
  20  1:34  Reaper  
  21  1:42  Command Center  
  21  1:53  Orbital Command  
  20  2:19  Supply Depot, SCV  
  20  2:20  Barracks Reactor  
  20  2:21  Factory  
  21  2:31  SCV  
  22  2:44  SCV  
  23  2:56  SCV  
  23  2:57  Supply Depot  
  25  2:59  Orbital Command  
  24  3:08  SCV  
  25  3:15  Starport  
  25  3:17  Barracks Tech Lab  
  25  3:19  Hellion x2  
  29  3:20  SCV  
  30  3:27  SCV  
  30  3:32  SCV  
  32  3:40  SCV  
  33  3:44  SCV  
  34  3:51  Hellion x2  
  34  3:52  SCV  
  39  3:56  SCV  
  39  4:00  Refinery  
  40  4:04  SCV  
  40  4:08  Barracks Tech Lab, SCV  
  42  4:12  Hellion x2  
  42  4:16  SCV  
  47  4:20  SCV  
  47  4:21  Raven  
  50  4:28  SCV  
  51  4:32  SCV  
  51  4:33  Hellion  
  54  4:47  Supply Depot, SCV x2  
  54  4:48  Hellion  
  54  4:49  Supply Depot  
  58  4:59  SCV x2  
  59  5:06  Command Center, Viking  
  61  5:11  SCV  
  61  5:12  Supply Depot  
  62  5:17  SCV  
  63  5:24  SCV  
  63  5:25  Supply Depot  
  63  5:26  Supply Depot  
  63  5:27  Factory  
  64  5:29  SCV  
  64  5:31  Armory  
  64  5:33  Armory  
  64  5:35  Supply Depot, Hellion x2  
  69  5:36  SCV  
  69  5:40  Refinery  
  69  5:41  SCV  
  69  5:42  Refinery  
  71  5:48  SCV  
Tags
 
Matchup
TvT
Race
Terran
Spawn Locations
Cross Positions
Add a new tag
Caveats
  • Supply blocks, unpowered buildings, or Contaminate may cause inaccurate times.
  • Supply counts are checked every 10 seconds.